Map: Catalisador LE

Players

DakkoN - Winner!

  • Race: Terran Terran
  • League: Master
  • Spawn Location: 11:00

LeGallagher - Winner!

  • Race: Terran Terran
  • League: Gold
  • Spawn Location: 5:00

I.A. 2 (Muito fácil)

  • Race: Zerg Zerg

VOD

Have the link to the VOD?

Description

Time

  • Played on: May 5, 2018, 7:06 a.m.
  • Length: 6:14
Show
View Real Time Build Order
Export as new Build Order

DakkoN Terran - Winner!

Build Orders: Reaper Expand 

Get SALT Encoding   

  12  0:01  SCV  
  13  0:13  SCV  
  14  0:18  Supply Depot  
  14  0:25  SCV  
  15  0:39  SCV  
  15  0:41  Barracks  
  16  0:48  Refinery  
  16  0:51  SCV  
  17  1:03  SCV  
  18  1:15  SCV  
  19  1:29  Orbital Command  
  19  1:30  Reaper  
  20  1:42  Command Center  
  20  1:53  Barracks  
  20  1:56  SCV  
  21  2:03  Barracks Reactor  
  21  2:08  SCV  
  22  2:13  Supply Depot  
  22  2:21  SCV  
  23  2:27  Factory  
  23  2:29  Refinery  
  23  2:39  SCV  
  23  2:40  Barracks Tech Lab, Marine  
  23  2:41  Marine  
  26  2:54  SCV  
  26  2:55  Orbital Command  
  27  2:59  Marine x2  
  27  3:00  Marine  
  30  3:16  Stimpack  
  30  3:17  Marine x3  
  33  3:21  SCV  
  33  3:24  SCV  
  35  3:31  Factory Reactor  
  35  3:32  Starport  
  35  3:35  Marine x2  
  35  3:38  Marine  
  38  3:51  SCV x2  
  38  3:53  Marine x2  
  42  3:56  Marine  
  42  3:58  Supply Depot  
  43  4:03  SCV  
  43  4:06  Supply Depot  
  44  4:10  Marine  
  44  4:11  Marine  
  44  4:13  Supply Depot  
  46  4:20  Marine, Medivac x2  
  51  4:25  Supply Depot  
  51  4:26  SCV  
  51  4:27  SCV  
  53  4:36  Supply Depot, Marine  
  53  4:37  Marine x2  
  56  4:42  SCV x2  
  58  4:54  SCV x2  
  60  5:03  Marine x3  
  60  5:06  SCV  
  60  5:07  SCV  
  65  5:12  Medivac  
  65  5:13  Medivac  
  69  5:18  SCV  
  69  5:19  SCV  
  69  5:21  Marine x3  
  72  5:22  Refinery  
  72  5:24  Refinery  
  72  5:27  Supply Depot  
  74  5:32  SCV x2  
  74  5:34  Supply Depot  
  76  5:38  Marine  
  76  5:39  Marine x2  
Show
View Real Time Build Order
Export as new Build Order

LeGallagher Terran - Winner!

Build Orders:  

Get SALT Encoding   

  12  0:01  Drone  
  13  0:12  Overlord  
  13  0:17  Drone  
  14  0:36  Spawning Pool  
  14  0:38  Extractor  
  14  0:40  Drone  
  13  0:47  Drone  
  14  0:54  Overlord  
  14  1:23  Zergling x2  
  14  1:25  Queen  
  17  1:34  Roach Warren  
  17  1:36  Drone  
  17  1:41  Extractor  
  17  1:44  Zergling x2  
  17  1:45  Drone  
  18  1:58  Drone  
  19  2:05  Zergling x2  
  20  2:09  Drone  
  21  2:19  Drone  
  22  2:30  Drone  
  22  2:32  Overlord  
  23  2:37  Drone  
  24  2:44  Drone  
  25  4:26  Zergling x2  
  25  5:41  Zergling x2  
  26  5:43  Overlord  
  26  5:48  Drone  
  20  5:55  Drone  
Show
View Real Time Build Order
Export as new Build Order

I.A. 2 (Muito fácil) Zerg 

Build Orders:  

Get SALT Encoding   

Tags
 
Add a new tag
Caveats
  • Supply blocks, unpowered buildings, or Contaminate may cause inaccurate times.
  • Supply counts are checked every 10 seconds.